 Dungeon Crawl Stone Soup version 0.21.1 (webtiles) character file.

110 shakethe the Ruffian (level 4, -2/44 HPs)
             Began as a Troll Monk on Feb 4, 2018.
             Slain by Crazy Yiuf
             ... wielding a +2 quarterstaff of chaos
              (10 damage)
             ... on level 3 of the Dungeon.
             The game lasted 00:11:45 (2234 turns).

shakethe the Ruffian (Troll Monk)                   Turns: 2234, Time: 00:11:46

Health: -2/44      AC:  5    Str: 19    XL:     4   Next: 61%
Magic:  3/3        EV:  8    Int:  6    God:
Gold:   142        SH:  7    Dex: 13    Spells: 3/3 levels left

rFire    . . .     SeeInvis .   h - +1 whip (vamp)
rCold    . . .     Gourm    +   k - +0 shield
rNeg     . . .     Faith    .   a - +0 robe
rPois    .         Spirit   .   (helmet restricted)
rElec    .         Reflect  .   (no cloak)
rCorr    .         Harm     .   (gloves unavailable)
MR       .....                  (boots unavailable)
Stlth    +.........             (no amulet)
HPRegen  0.54/turn              (no ring)
MPRegen  0.08/turn              (no ring)

@: drained
A: large, unfitting armour, claws 3, fast metabolism 3, gourmand, regeneration
1, shaggy fur 1, tough skin 2
a: no special abilities


You were on level 3 of the Dungeon.
You were full.

You visited 1 branch of the dungeon, and saw 3 of its levels.

You collected 142 gold pieces.

Inventory:

Hand Weapons
 h - a +1 vampiric whip (weapon)
Armour
 a - a +0 robe (worn)
 k - a +0 shield (worn)
Wands
 f - a wand of polymorph (14)
Scrolls
 c - 6 scrolls of identify
 d - 5 scrolls of magic mapping
 g - a scroll of amnesia {unknown}
 i - 2 scrolls of remove curse
 l - a scroll of immolation {unknown}
Potions
 e - a potion of agility {unknown}
 j - a potion of lignification
Comestibles
 b - 8 rations


   Skills:
 - Level 2.5(2.1) Fighting
 * Level 2.3(2.0) Maces & Flails
 - Level 2.4(2.1) Dodging
 - Level 1.0(0.7) Stealth
 * Level 1.5(1.1) Shields
 - Level 3.8(3.4) Unarmed Combat


You had 3 spell levels left.
You didn't know any spells.

Dungeon Overview and Level Annotations

Branches:
Dungeon (3/15)

Altars:

Annotations:
D:3 Crazy Yiuf


Innate Abilities, Weirdness & Mutations

You are too large for most types of armour.
You have claws for hands.
Your metabolism is lightning-fast.
You like to eat raw meat.
Your natural rate of healing is unusually fast.
You are covered in fur. (AC +1)
You have very tough skin. (AC +2)


Message History

Found a mace.
There is an open door here.
That item cannot be evoked!
You hit Crazy Yiuf.
Crazy Yiuf is lightly wounded.
Crazy Yiuf hits you with a quarterstaff of chaos.
You hit Crazy Yiuf.
You feel better.
Crazy Yiuf is heavily wounded.
Crazy Yiuf hits you with a quarterstaff of chaos!
You are electrocuted!
You whack Crazy Yiuf!
You feel better.
Crazy Yiuf is severely wounded.
Crazy Yiuf hits you with a quarterstaff of chaos!
* * * LOW HITPOINT WARNING * * *
You feel drained.
Okay, then.
You hit Crazy Yiuf.
Crazy Yiuf is almost dead.
Crazy Yiuf hits you with a quarterstaff of chaos!
You die...

#########..#####.############.###
......(()..# #.# #.# #
#########..# #.# #.# # #### ###
#.# # ##.### ####### #####...##
###...#.### #### ##.....#...
##......#..##...# #..###...##
#......####.@g..# #### ##.## #
#..#..## ###..)# #.# #####.#####
#### #.# ......# #######.###
#.##### #....(....# #.# ###
############.#.# #.# #.#
#####.##.#######.#.# #.#
#.####......)...<..[..#.# #.#
#.#..........#######..#.#


You could see Crazy Yiuf.

Vanquished Creatures
  3 adders (D:2)
  2 oozes
  2 worms
  A dart slug (D:1)
  2 leopard geckos
  4 orcs (D:3)
  A ball python (D:2)
  8 bats
  3 giant cockroaches
  5 goblins
  8 hobgoblins
  11 kobolds
  7 frilled lizards
  5 rats
62 creatures vanquished.

Notes
Turn   | Place    | Note
-------+----------+-------------------------------------------
     0 | D:1      | shakethe the Troll Monk began the quest for the Orb.
     0 | D:1      | Reached XP level 1. HP: 22/22 MP: 0/0
   141 | D:1      | Reached XP level 2. HP: 28/29 MP: 1/1
   410 | D:1      | Reached XP level 3. HP: 36/36 MP: 2/2
   414 | D:1      | Reached skill level 1 in Maces & Flails
  1123 | D:2      | Reached XP level 4. HP: 44/44 MP: 3/3
  1174 | D:2      | Reached skill level 1 in Shields
  2225 | D:3      | Found a runed door.
  2229 | D:3      | Noticed Crazy Yiuf
  2234 | D:3      | Slain by Crazy Yiuf

Skill      XL: |  1  2  3  4 |
---------------+-------------+-----
Maces & Flails | 1 2 |  2.3
Shields        | 1 |  1.5
Fighting       | |  2.5
Dodging        | |  2.4
Stealth        | |  1.0
Unarmed Combat | |  3.8

Action                   |  1- 3 |  4- 6 || total
-------------------------+-------+-------++-------
Melee: Unarmed           |    23 |       ||    23
       Whip              |    98 |    94 ||   192
  Use: Scroll            |       |     7 ||     7
       Potion            |       |     1 ||     1
 Stab: Sleeping          |     1 |     1 ||     2
  Eat: Chunk             |    20 |     8 ||    28
Armor: Robe              |    52 |    27 ||    79
Dodge: Dodged            |    75 |    30 ||   105
Block: Shield            |    20 |    35 ||    55
